 Dungeon Crawl Stone Soup version 0.31-a0-354-g827e095 (webtiles) character file.

Game seed: 13934652137068326729

2703 Dorkslayer the Cleaver (level 9, -2/75 HPs)
             Began as a Hill Orc Fighter on July 23, 2023.
             Was a Believer of Okawaru.
             Slain by a warg (10 damage)
             ... on level 8 of the Dungeon.
             The game lasted 00:18:53 (6517 turns).

Dorkslayer the Cleaver (Hill Orc Fighter)           Turns: 6517, Time: 00:18:54

Health: -2/75      AC: 12    Str: 23    XL:     9   Next: 65%
Magic:  9/9        EV: 10    Int: 11    God:    Okawaru [**....]
Gold:   490        SH:  5    Dex: 18    Spells: 8/8 levels left

rFire   . . .        e - +4 war axe of Amorous Punishment {heavy, Fragile rN++ Int+3 Dex+8}
rCold   . . .        c - +0 buckler
rNeg    + + .        f - +0 chain mail
rPois   .            (no helmet)
rElec   .            (no cloak)
rCorr   .            i - +1 pair of gloves
SInv    .            (no boots)
Will    .....        (no amulet) Stlth
                     k - +1 ring of slaying
HPRegen 0.32/turn    (no ring)
MPRegen 0.11/turn

%: no passive effects
@: mighty
A: no striking features
a: Renounce Religion, Convert to Beogh, Heroism


You were on level 8 of the Dungeon.
You worshipped Okawaru.
Okawaru was pleased with you.
You visited 2 branches of the dungeon, and saw 9 of its levels.

You collected 574 gold pieces.
You spent 84 gold pieces at shops.

Inventory:

Hand Weapons
 a - a +0 war axe of flaming
 e - the +4 war axe of Amorous Punishment (weapon) {heavy, Fragile rN++ Int+3 Dex+8}
   (You found it on level 5 of the Dungeon)

   Int:       It affects your intelligence (+3).
   Dex:       It affects your dexterity (+8).
   rN:        It greatly protects you from negative energy.
   Fragile:   It will be destroyed if unequipped.
Missiles
 b - a curare-tipped dart (quivered)
 l - 9 boomerangs
Armour
 c - a +0 buckler (worn)
 f - a +0 chain mail (worn)
 i - a +1 pair of gloves (worn)
Jewellery
 k - a +1 ring of slaying (left hand)
Wands
 p - a wand of light (4)
 q - a wand of polymorph (10)
Scrolls
 h - 2 scrolls of teleportation
 m - a scroll of brand weapon
 s - a scroll of poison {unknown}
 t - a scroll of revelation {unknown}
Potions
 d - a potion of might
 g - a potion of attraction
 j - a potion of berserk rage
 n - a potion of mutation
 u - a potion of cancellation {unknown}


   Skills:
 + Level 6.0 Fighting
 + Level 9.2 Axes
 * Level 4.2 Throwing
 + Level 6.1 Armour
 * Level 3.9 Dodging
 + Level 1.4 Stealth
 + Level 4.4 Shields
 * Level 4.5 Evocations


You had 8 spell levels left.
You didn't know any spells.
Your spell library contained the following spells:

 Spells                   Type           Power      Damage    Failure   Level
 Magic Dart               Conj           0%         1d3       92%         1
 Searing Ray              Conj           0%         2d4       98%         2
 Portal Projectile        Hex/Tloc       0%         N/A       100%        3
 Fulminant Prism          Conj/Hex       0%         3d5       100%        4
 Leda's Liquefaction      Hex/Erth       0%         N/A       100%        4
 Call Canine Familiar     Summ           Unusable   N/A       N/A         3

Dungeon Overview and Level Annotations

Branches:
Dungeon (8/15)             Temple (1/1) D:6
   Lair: D:8-11

Altars:
Cheibriados
Dithmenos
Makhleb
Nemelex Xobeh
Okawaru
Ru
Trog
Vehumet
Wu Jian
Zin

Shops:
D:2 =


Message History

Unknown command.
The warg bites you but does no damage. The orc hits you but does no damage.
The orc closely misses you.
You completely miss the orc. You barely miss the warg. The warg bites you.
The orc hits you with a +0 short sword. The orc hits you but does no damage.
The warg bites you!
The orc hits you from afar with a +0 trident.
* * * LOW HITPOINT WARNING * * *
The orc hits you with a +0 short sword.
* * * LOW HITPOINT WARNING * * *
You closely miss the warg. You barely miss the orc. The warg bites you!
* * * LOW HITPOINT WARNING * * *
The warg closely misses you. You block the orc's attack. x2
Unknown command.
You feel better. The warg bites you.
* * * LOW HITPOINT WARNING * * *
The orc hits you but does no damage. The orc closely misses you.
The warg bites you.
* * * LOW HITPOINT WARNING * * *
You feel better.
An orc priest comes into view. It is wielding a +0 flail.
The orc closely misses you. The orc misses you.
The warg bites you but does no damage.
You feel very mighty all of a sudden.
The orc priest shouts!
The orc hits you but does no damage. You block the warg's attack.
The orc closely misses you.
Aiming: Bolt of Light
Press: ? - help, Shift-Dir - straight line
Okay, then.
You closely miss the warg. You slash the orc!
You kill the orc!
Okawaru accepts your kill. The warg barely misses you.
You block the orc's attack. The warg barely misses you.
The orc completely misses you.
The orc priest mumbles some strange prayers to Beogh against you.
Beogh smites you!
* * * LOW HITPOINT WARNING * * *
The warg bites you!
You die...

#.. .. #......... ..##
....#.##......... ....#
#...#..#........# .....#
#......###.....#
..o...##.......#......#
.............#..))##
..o.#.............###
#h)................
#.@...........###..
#.......#.....# #..
#......###.#..#####.
#...##...$# ####.##.##.
##.......># #.......
#..........#......#....
............$.#...##..).
...?.......##.##.##.....
#.......## ##.........


You could see a warg, an orc priest and an orc.

Vanquished Creatures
  Grinder (D:3)
  2 wargs (D:8)
  A water moccasin (D:7)
  2 sky beasts
  An ice beast (D:5)
  3 ogres
  2 kobold brigands
  3 phantoms
  3 bullfrogs (D:6)
  3 scorpions
  A howler monkey (D:6)
  5 hounds
  3 jellies
  3 orc priests
  A gnoll bouda (D:6)
  4 iguanas
  2 sleepcaps
  An orc wizard (D:8)
  15 gnolls
  6 adders
  2 white imps (D:6)
  An ufetubus (D:5)
  A dart slug (D:2)
  20 orcs
  4 bats
  5 endoplasms
  3 giant cockroaches
  5 hobgoblins
  11 jackals
  3 quokkas
  2 ball pythons
  2 frilled lizards (D:3)
  7 goblins
  20 kobolds
  5 rats
153 creatures vanquished.

Notes
Turn   | Place    | Note
-------+----------+-------------------------------------------
     0 | D:1      | Dorkslayer the Hill Orc Fighter began the quest for the
                  | Orb.
     0 | D:1      | Reached XP level 1. HP: 19/19 MP: 1/1
   223 | D:1      | Reached XP level 2. HP: 25/27 MP: 2/2
   249 | D:1      | Reached skill level 3 in Axes
   708 | D:2      | Reached XP level 3. HP: 33/33 MP: 3/3
  1049 | D:2      | Reached skill level 1 in Dodging
  1156 | D:2      | Found Padefifyfi's One-of-a-Kind Rings.
  1168 | D:2      | Bought a +1 ring of slaying for 84 gold pieces
  1410 | D:3      | Found a burning altar of Makhleb.
  1446 | D:3      | Reached XP level 4. HP: 32/40 MP: 4/4
  1506 | D:3      | Noticed Grinder
  1521 | D:3      | Paralysed by Grinder for 2 turns
  1527 | D:3      | Killed Grinder
  1528 | D:3      | Reached skill level 5 in Axes
  1528 | D:3      | Reached skill level 1 in Throwing
  1528 | D:3      | Reached XP level 5. HP: 22/47 MP: 5/5
  1528 | D:3      | Reached XP level 6. HP: 25/53 MP: 6/6
  1888 | D:3      | Identified the +0 leather armour "Bukonuur" {Dex+3 Stlth+}
  2941 | D:4      | Reached skill level 1 in Evocations
  2941 | D:4      | Reached XP level 7. HP: 60/60 MP: 7/7
  3093 | D:5      | Entered Level 5 of the Dungeon
  3377 | D:5      | Reached skill level 6 in Axes
  3707 | D:5      | Identified the +4 war axe of Amorous Punishment {heavy,
                  | Fragile rN++ Int+3 Dex+8}
  3938 | D:5      | Reached skill level 5 in Fighting
  3983 | D:5      | Reached XP level 8. HP: 64/68 MP: 8/8
  4379 | D:5      | Reached skill level 7 in Axes
  4379 | D:5      | Reached skill level 5 in Armour
  4591 | D:6      | Found a staircase to the Ecumenical Temple.
  4603 | Temple   | Entered the Ecumenical Temple
  4679 | Temple   | Became a worshipper of Warmaster Okawaru
  4987 | D:6      | Reached * piety under Okawaru
  4988 | D:6      | Reached skill level 8 in Axes
  5009 | D:6      | Reached XP level 9. HP: 64/74 MP: 9/9
  5196 | D:6      | Reached skill level 1 in Stealth
  5521 | D:7      | Found a radiant altar of Vehumet.
  5748 | D:7      | Found an ornate altar of the Wu Jian Council.
  6497 | D:8      | Reached ** piety under Okawaru
  6498 | D:8      | Reached skill level 9 in Axes
  6517 | D:8      | Slain by a warg

Illustrated notes

Levels and vault maps discovered:
D:1:      scummos_arrival_checkerplants, layout_basic
D:2:      minmay_angry_zag, layout_loops_cross, nicolae_shop_unique_rings
D:3:      layout_loops_corners, bloody_makhleb, kennysheep_generic_room_5,
          uniq_grinder
D:4:      layout_loops_ring
D:5:      layout_layer_cave
D:6:      kb_forest_paths, layout_loops_ring, minmay_temple_entry_arrows
D:7:      layout_loops_ring, nicolae_overflow_hidden_temple,
          nzn_wu_jian_contemplation, dreamdust_wishing_well
D:8:      layout_cave_pools, mainiacjoe_overflow_catwalk,
          lemuel_coloured_pillars_altar, minitemple, erik_lair_orcish_takeover
Temple:   hellmonk_temple_of_storms

Skill      XL: |  1  2  3  4  5  6  7  8  9 |
---------------+----------------------------+-----
Axes           | 3 5 6 8 9 |  9.2
Dodging        | 1 2 3 |  3.9
Fighting       | 4 5 6 |  6.0
Throwing       | 1 2 3 4 |  4.2
Armour         | 4 5 6 |  6.1
Evocations     | 1 2 3 4 |  4.5
Shields        | 4 |  4.4
Stealth        | 1 |  1.4

Action                     |  1- 3 |  4- 6 |  7- 9 || total
---------------------------+-------+-------+-------++-------
  Melee: War axe           |   125 |    88 |   148 ||   361
  Throw: Boomerang         |     2 |     1 |    29 ||    32
  Evoke: Wand              |       |       |     4 ||     4
    Use: Potion            |       |     1 |     3 ||     4
         Scroll            |       |       |    11 ||    11
   Stab: Invisible         |       |       |     2 ||     2
 Armour: Scale mail        |    63 |    39 |    24 ||   126
         Chain mail        |       |       |    67 ||    67
  Dodge: Dodged            |    60 |    47 |   108 ||   215
  Block: Buckler           |    29 |    18 |    51 ||    98

Table legend: (Time is in decaauts)
 A = Elapsed time spent in this place.
 B = Non-inter-level travel time spent in this place.
 C = Inter-level travel time spent in this place.
 D = Time resting spent in this place.
 E = Time spent auto-exploring this place.
 F = Levels seen in this place.
 G = Mean time per level.
                   A        B        C        D        E       F      G
               +--------+--------+--------+--------+--------+-----+--------+
         Total |   6712 |   6712 |      0 |    407 |   3579 |   9 |  745.8 |
       Dungeon |   6616 |   6616 |      0 |    407 |   3579 |   8 |  827.0 |
        Temple |     95 |     95 |      0 |      0 |      0 |   1 |   95.0 |
               +--------+--------+--------+--------+--------+-----+--------+

Top non-repeatable levels by time:
     D:5: 1371 daAuts
     D:7: 1073 daAuts
     D:3: 970 daAuts
     D:4: 913 daAuts
     D:6: 772 daAuts
     D:1: 694 daAuts
     D:2: 683 daAuts
     D:8: 137 daAuts
  Temple: 95 daAuts
